 Dungeon Crawl Stone Soup version 0.27-a0-1595-g0b823d0a13 (webtiles) character file.

Game seed: 10893289019912578552

5 flotson the Sneak (level 1, 0/18 HPs)
             Began as a Demonspawn Delver on July 20, 2021.
             Succumbed to an adder's poison
             ... on level 2 of the Dungeon.
             The game lasted 00:01:29 (632 turns).

flotson the Sneak (Demonspawn Delver)                Turns: 632, Time: 00:01:29

Health: 0/18       AC:  3    Str: 12    XL:     1   Next: 66%
Magic:  1/1        EV: 11    Int: 11    God:
Gold:   30         SH:  0    Dex: 14    Spells: 0/0 levels left

rFire    . . .     SeeInvis .   a - +0 hand axe
rCold    . . .     Faith    .   (no shield)
rNeg     . . .     Spirit   .   b - +0 leather armour
rPois    .         Reflect  .   (no helmet)
rElec    .         Harm     .   (no cloak)
rCorr    .         Rampage  .   (no gloves)
Will     .....                  (no boots)
Stlth    ++........             (no amulet)
HPRegen  0.06/turn              (no ring)
MPRegen  0.07/turn              (no ring)

@: lethally poisoned (0 -> -2), hasted, very quick
A: no striking features
a: no special abilities


You were on level 2 of the Dungeon.
You visited 1 branch of the dungeon, and saw 4 of its levels.

You collected 30 gold pieces.

Inventory:

Hand Weapons
 a - a +0 hand axe (weapon)
Missiles
 j - 2 poisoned darts (quivered)
Armour
 b - a +0 leather armour (worn)
Wands
 g - a wand of digging (3)
Scrolls
 c - a scroll of fog
 d - a scroll of magic mapping
 e - a scroll of fear
 h - a scroll of identify {unknown}
 i - a scroll of blinking {unknown}
Potions
 f - 2 potions of haste


   Skills:
 + Level 3.1 Fighting
 + Level 1.9 Axes
 + Level 0.0 Throwing
 + Level 0.3 Armour
 + Level 1.9 Dodging
 - Level 4.5 Stealth


You couldn't memorise any spells.
You didn't know any spells.
Your spell library contained the following spells:

 Spells                   Type           Power      Damage    Failure   Level
 Call Canine Familiar     Summ           0%         N/A       80%         3
 Portal Projectile        Hex/Tloc       0%         N/A       80%         3
 Leda's Liquefaction      Hex/Erth       0%         N/A       99%         4


Dungeon Overview and Level Annotations

Branches:
Dungeon (5/15)
 Temple: D:4-7

Altars:
Beogh

Shops:
D:5 *

Annotations:
D:3 3 runed translucent doors, flotson's ghost, amateur DsDe


Message History

A giant cockroach comes into view.
You hit the frilled lizard.
You kill the frilled lizard!
No target in view!
The adder hisses angrily.
You hit the adder.
The adder is heavily wounded.
The adder bites you.
You are poisoned.
The adder poisons you!
You feel yourself speed up.
You feel sick. The adder bites you.
You are more poisoned.
The adder poisons you!
You closely miss the adder.
The adder is heavily wounded.
You feel sick. The adder closely misses you.
You barely miss the adder.
The adder is heavily wounded.
You feel sick. The adder bites you.
You closely miss the adder.
The adder is heavily wounded.
You feel sick. The adder bites you.
* * * LOW HITPOINT WARNING * * *
Okay, then.
You barely miss the adder.
The adder is heavily wounded.
* * * LOW HITPOINT WARNING * * *
You feel sick. The adder bites you but does no damage.
You barely miss the adder.
The adder is heavily wounded.
* * * LOW HITPOINT WARNING * * *
You feel sick. The adder bites you but does no damage.
You completely miss the adder.
The adder is heavily wounded.
* * * LOW HITPOINT WARNING * * *
You feel sick. The adder closely misses you.
The adder bites you but does no damage.
You hit the adder.
The adder is heavily wounded.
You die...

########.#.#.##.#...###
#.....#.#...#.)#...#
#...........#..#...#
#####.#.#..........#
#.#.#.#..... .#
#.#.......##
#.###.#.... #S# .#.. .
#@# # .. #.# #.. ####


You could see an adder.

Vanquished Creatures
  A giant cockroach (D:3)
  2 kobolds (D:3)
  A frilled lizard (D:2)
  A goblin (D:2)
5 creatures vanquished.

Vanquished Creatures (others)
  8 demonic plants (D:3)
  5 fungi (D:3)
  3 plants (D:3)
  6 withered plants (D:3)
22 creatures vanquished.

Grand Total: 27 creatures vanquished

Notes
Turn   | Place    | Note
-------+----------+-------------------------------------------
     0 | D:5      | flotson the Demonspawn Delver began the quest for the Orb.
     0 | D:5      | Reached XP level 1. HP: 18/18 MP: 1/1
    42 | D:5      | Noticed an ogre
    90 | D:3      | Found a runed translucent gate.
    93 | D:3      | Found a runed translucent gate.
    93 | D:3      | Found a runed translucent gate.
    94 | D:3      | Noticed flotson's ghost (amateur DsDe)
   115 | D:3      | Identified the +4 spear of Death's Door {elec, rPois rF++
                  | rCorr}
   115 | D:3      | Identified the +3 scale mail of the Ladybird {Rampage rPois
                  | rC+}
   480 | D:3      | Noticed an orc wizard
   632 | D:2      | Succumbed to an adder's poison

Illustrated notes

Levels and vault maps discovered:
D:2:      layout_basic, minmay_vboxes
D:3:      layout_basic, ashenzari_altar_1, shapermc_ecumenical_altar_gd,
          biasface_ghost_orc_armoury
D:4:      layout_basic, mainiacjoe_overflow_six_doors_small, serial_shops,
          nicolae_shop_behind_doors
D:5:      layout_gridville, nicolae_gozag_seed_capital, serial_shops, shop,
          nicolae_stop_n_shop_2, gammafunk_ghost_split,
          kennysheep_generic_room_5

Action                   || total
-------------------------++-------
Melee: Hand axe          ||    21
  Use: Potion            ||     1
 Stab: Sleeping          ||     2
Armor: Leather armour    ||     7
Dodge: Dodged            ||     6

Table legend: (Time is in decaauts)
 A = Elapsed time spent in this place.
 B = Non-inter-level travel time spent in this place.
 C = Inter-level travel time spent in this place.
 D = Time resting spent in this place.
 E = Time spent auto-exploring this place.
 F = Levels seen in this place.
 G = Mean time per level.
                   A        B        C        D        E       F      G
               +--------+--------+--------+--------+--------+-----+--------+
         Total |    633 |    576 |     57 |      0 |    404 |   4 |  158.2 |
       Dungeon |    633 |    576 |     57 |      0 |    404 |   4 |  158.2 |
               +--------+--------+--------+--------+--------+-----+--------+

Top non-repeatable levels by time:
     D:3: 435 daAuts
     D:2: 108 daAuts
     D:5: 62 daAuts
     D:4: 27 daAuts
